AoeStats
← Noobtoob

Hill Fort

504133839Analyzed
4v4 RM · 1mo ago on Sep 4, 2026· 56m 55s· 8 players
Game mode
Random Map
Map size
Large (8 player)
Population
200
Speed
Normal
Resources
Standard
Victory
Conquest
Starting age
Dark Age
Ending age
Imperial Age
RankedLock teamsTeams togetherTeam positionsShared explorationLock speedFull tech treeHidden civsTurbo modeCheats
Victory
Defeat
🇺🇸 Burgundians · United States
830
+12
🇺🇸 Turks · United States
818
+12
🇺🇸 Chinese · United States
737
+16
🇺🇸 Khmer · United States
587
+23
🇺🇸 Byzantines · United States
793
-18
🇺🇸 Sicilians · United States
763
-17
🇧🇷 Byzantines · Brazil
689
-14
🇺🇸 Byzantines · United States
689
-14
BigJ
14:24 Feudal Age
15:57 Loom
18:47 Castle Age
20:42 Wheelbarrow
20:07 Double-Bit Axe
23:56 Imperial Age
rod
5:29 Loom
17:32 Feudal Age
19:10 Wheelbarrow
20:22 Double-Bit Axe
20:36 Gold Mining
20:26 Man-at-Arms
23:37 Bloodlines
23:31 Scale Mail Armor
23:37 Scale Barding Armor
23:45 Forging
28:02 Castle Age
29:08 Husbandry
30:04 Pikeman
31:52 Tusk Swords
32:55 Hand Cart
36:45 Imperial Age
37:43 Double Crossbow
41:15 Horse Collar
43:51 Elite Battle Elephant
48:06 Heavy Plow
TheBoss2333
4:37 Loom
11:58 Feudal Age
12:03 Double-Bit Axe
12:02 Horse Collar
12:20 Gold Mining
17:08 Heavy Plow
18:38 Gold Shaft Mining
20:22 Bow Saw
20:37 Stone Mining
21:52 Scale Mail Armor
22:52 Forging
26:45 Castle Age
28:35 Crop Rotation
29:37 Chain Mail Armor
31:44 Iron Casting
35:08 Two-Man Saw
37:25 Stone Shaft Mining
39:53 Imperial Age
38:17 Town Watch
39:48 Wheelbarrow
41:58 Plate Mail Armor
42:21 Masonry
45:27 Blast Furnace
44:41 Burgundian Vineyards
46:07 Scale Barding Armor
47:15 Chain Barding Armor
49:06 Plate Barding Armor
50:28 Elite Coustillier
51:22 Arson
51:37 Squires
Noobtoob
12:21 Feudal Age
13:57 Double-Bit Axe
15:42 Wheelbarrow
18:09 Gold Mining
18:44 Horse Collar
19:45 Man-at-Arms
24:35 Castle Age
24:45 Stone Mining
27:00 Long Swordsman
28:27 Gold Shaft Mining
30:04 Pikeman
32:52 Hand Cart
32:53 Padded Archer Armor
32:45 Fletching
36:31 Stone Shaft Mining
38:32 Imperial Age
38:08 Bow Saw
39:06 Elite Chu Ko Nu
39:16 Two-Handed Swordsman
39:18 Elite Fire Lancer
39:20 Halberdier
40:02 Squires
39:47 Arson
40:07 Scale Mail Armor
40:25 Leather Archer Armor
42:27 Great Wall
42:50 Rocketry
42:55 Champion
46:11 Ballistics
46:01 Murder Holes
46:39 Ballistics
46:33 Masonry
46:21 Murder Holes
47:29 Chemistry
48:45 Heavy Rocket Cart
52:56 Caravan
A BABY GERBIL
0:44 Loom
11:04 Feudal Age
11:33 Double-Bit Axe
12:44 Wheelbarrow
14:36 Fletching
17:37 Horse Collar
18:58 Stone Mining
25:03 Forging
24:53 Scale Mail Armor
26:16 Town Watch
26:43 Gold Mining
32:38 Castle Age
36:57 Castle Age
38:11 Caravan
44:32 Iron Casting
44:12 Chain Mail Armor
45:12 Heavy Plow
46:07 Bow Saw
47:02 Chain Mail Armor
47:55 Iron Casting
47:53 Ballistics
47:54 Murder Holes
48:17 Arson
48:33 Squires
48:46 Bodkin Arrow
53:36 Imperial Age
53:07 Masonry
54:04 Arrowslits
54:35 Elite Serjeant
WakaFlakaLane
14:36 Feudal Age
16:10 Double-Bit Axe
17:15 Horse Collar
20:59 Castle Age
23:49 Squires
27:06 Forging
32:52 Imperial Age
30:53 Pikeman
32:18 Stone Mining
32:19 Gold Mining
32:20 Loom
33:12 Wheelbarrow
34:29 Man-at-Arms
35:47 Long Swordsman
38:04 Halberdier
43:12 Two-Handed Swordsman
46:10 Elite Skirmisher
49:53 Champion
Elthes
1:48 Loom
11:41 Feudal Age
15:19 Horse Collar
17:58 Wheelbarrow
19:06 Gold Mining
19:08 Double-Bit Axe
23:12 Stone Mining
27:04 Castle Age
27:07 Scale Barding Armor
27:13 Forging
28:21 Bow Saw
28:17 Caravan
29:29 Fortified Wall
28:59 Treadmill Crane
29:59 Chain Barding Armor
36:44 Treadmill Crane
40:13 Hand Cart
45:34 Imperial Age
44:51 Iron Casting
45:00 Gold Shaft Mining
45:14 Stone Shaft Mining
45:05 Husbandry
45:36 Cavalier
47:25 Chemistry
49:07 Bombard Tower
50:43 Two-Man Saw
52:25 Conscription
51:30 Capped Ram
54:16 Block Printing
LookVil
11:18 Feudal Age
15:29 Loom
20:54 Castle Age
19:20 Stone Mining
19:53 Double-Bit Axe
20:03 Gold Mining
21:33 Pikeman
22:15 Squires
22:02 Arson
22:06 Gambesons
25:47 Scale Mail Armor
25:58 Forging
26:32 Elite Skirmisher
28:00 Wheelbarrow
32:03 Scale Barding Armor
32:34 Iron Casting
33:05 Hand Cart
34:45 Chain Barding Armor
38:02 Imperial Age
35:40 Husbandry
37:11 Bow Saw
39:33 Conscription
40:17 Plate Barding Armor
40:44 Logistica
43:55 Caravan
43:59 Elite Cataphract
44:57 Chain Mail Armor
44:35 Horse Collar
47:35 Thumb Ring
48:33 Heavy Plow
49:39 Two-Man Saw
52:35 Cavalier
Connection lost

Rejoining the realm…

Still unreachable

The connection could not be restored.

Session expired

The server has moved on; the page needs a fresh start.